 Dungeon Crawl Stone Soup version 0.31-a0-596-g831eee08f1 (webtiles) character file.

Game seed: 9479251849810428933

74214 Frod the Arsonist (level 15, -5/114 HPs)
             Began as a Human Ice Elementalist on Aug 20, 2023.
             Was a High Priest of Sif Muna.
             Slain by a quicksilver ooze (10 damage)
             ... summoned by an orange crystal statue
             ... in an ice cave.
             The game lasted 02:44:45 (30417 turns).

Frod the Arsonist (Human Ice Elementalist)         Turns: 30417, Time: 02:44:45

Health: -5/114     AC: 15    Str: 13    XL:     15   Next: 93%
Magic:  7/29       EV: 14    Int: 24    God:    Sif Muna [*****.]
Gold:   578        SH:  0    Dex: 14    Spells: 2/34 levels left

rFire   + + .        b - staff of fire
rCold   + . .        (no shield)
rNeg    . . .        D - +2 robe {rC+ rF+}
rPois   +            (no helmet)
rElec   .            p - +2 cloak {rPois}
rCorr   .            q - +2 pair of gloves
SInv    .            H - +0 pair of boots of the Sharing Gods {Will+ Str+4 Int+2}
Will    ++...        W - amulet of faith
Stlth   +++          O - +4 ring of protection
HPRegen 0.39/turn    g - ring of wizardry
MPRegen 0.21/turn

%: faith, wizardry (x1)
@: hasted, very quick
A: no striking features
a: Renounce Religion, Channel Magic, Forget Spell, Divine Exegesis


You were in an ice cave.
You worshipped Sif Muna.
Sif Muna was extremely pleased with you.
You visited 5 branches of the dungeon, and saw 21 of its levels.
You also visited: Ice Cave.

You collected 3566 gold pieces.
You spent 2988 gold pieces at shops.

Inventory:

Hand Weapons
 a - a +2 spectral demon trident
 d - a +0 longbow
 e - the +1 long sword of Dust {pain, rElec rF+ rC++ MP-9}
   (You found it on level 2 of the Lair of Beasts)

   rF+:       It protects you from fire.
   rC++:      It greatly protects you from cold.
   rElec:     It insulates you from electricity.
   MP-9:      It affects your magic capacity (-9).
Missiles
 v - 6 javelins
 K - a throwing net
Armour
 p - a +2 cloak of poison resistance (worn)
 q - a +2 pair of gloves (worn)
 D - a +2 robe of resistance (worn)
 H - the +0 pair of boots of the Sharing Gods (worn) {Will+ Str+4 Int+2}
   (You acquired it on level 1 of the Orcish Mines)

   Str+4:     It affects your strength (+4).
   Int+2:     It affects your intelligence (+2).
   Will+:     It increases your willpower.
 S - a +2 robe of willpower
Magical Staves
 b - a staff of fire (weapon)
 c - a staff of cold
 M - a staff of conjuration
Jewellery
 g - a ring of wizardry (right hand)
 m - a ring of fire
 n - a ring of willpower
 z - an amulet of the acrobat
 F - a ring of ice
 G - a ring of see invisible
 O - a +4 ring of protection (left hand)
 W - an amulet of faith (around neck)
Wands
 A - a wand of digging (10)
 B - a wand of roots (24)
 C - a wand of acid (12)
 N - a wand of flame (5)
Scrolls
 f - 2 scrolls of teleportation
 h - a scroll of blinking
 j - 3 scrolls of fog
 l - a scroll of fear
 s - 2 scrolls of poison
 x - a scroll of silence
 y - a scroll of summoning
 I - a scroll of revelation
 P - a scroll of immolation
Potions
 i - a potion of magic
 o - 5 potions of ambrosia
 t - 8 potions of curing
 u - 3 potions of attraction
 E - 4 potions of lignification
 L - 4 potions of cancellation
 Q - a potion of might
 R - 2 potions of enlightenment
 T - 3 potions of invisibility
 V - 2 potions of resistance
 X - a potion of brilliance
Miscellaneous
 Z - a tin of tremorstones (2/2)


   Skills:
 + Level 9.6 Fighting
 + Level 6.0 Dodging
 + Level 6.6 Stealth
 + Level 10.2 Spellcasting
 - Level 11.0 Conjurations
 - Level 5.0 Summonings
 + Level 12.5 Fire Magic
 - Level 10.0 Ice Magic
 * Level 7.0 Air Magic
 + Level 7.9 Invocations


You had 2 spell levels left.
You knew the following spells:

 Your Spells              Type           Power      Damage    Failure   Level
a - Sticky Flame          Conj/Fire      80%        2d9       1%          4
b - Frozen Ramparts       Ice            100%       1d16      1%          3
c - Starburst             Conj/Fire      40%        6d11      2%          6
d - Fireball              Conj/Fire      40%        3d16      1%          5
e - Arcjolt               Conj/Air       26%        1d36      1%          5
f - Freeze                Ice            100%       1d10      1%          1
g - Summon Ice Beast      Ice/Summ       48%        N/A       1%          4
o - Ozocubu's Armour      Ice            57%        N/A       1%          3
A - Foxfire               Conj/Fire      100%       2x1d9     1%          1

Your spell library contained the following spells:

 Spells                   Type           Power      Damage    Failure   Level
 Summon Small Mammal      Summ           100%       N/A       1%          1
 Apportation              Tloc           24%        N/A       2%          1
 Necrotise                Necr           48%        1d6       2%          1
 Lesser Beckoning         Tloc           24%        N/A       3%          2
 Hailstorm                Conj/Ice       58%        3d13      1%          3
 Ignite Poison            Fire/Tmut/Pois 48%        N/A       1%          3
 Inner Flame              Hex/Fire       59%        N/A       1%          3
 Vhi's Electric Charge    Tloc/Air       58%        N/A       1%          3
 Flame Wave               Conj/Fire      80%        2d17      1%          4
 Summon Lightning Spire   Summ/Air       41%        N/A       1%          4
 Fulminant Prism          Conj/Hex       19%        3d10      2%          4
 Gell's Gravitas          Tloc           12%        N/A       6%          3
 Teleport Other           Tloc           12%        N/A       6%          3
 Plasma Beam              Fire/Air       36%        2x1d50    6%          6
 Animate Armour           Summ/Erth      48%        N/A       8%          4
 Manifold Assault         Tloc           12%        N/A       21%         4
 Passage of Golubria      Tloc           12%        N/A       21%         4
 Leda's Unmaking          Conj/Erth      19%        9d4       32%         6
 Lee's Rapid Deconstruct  Erth           6%         3d6*      47%         5
 Ignition                 Fire           41%        3d12      58%         8
 Dispersal                Tloc           6%         N/A       95%         6
 Maxwell's Capacitive Co  Air            23%        ∞         99%         8
 Disjunction              Tloc           6%         N/A       100%        8


Dungeon Overview and Level Annotations

Branches:
Dungeon (12/15)            Temple (1/1) D:5            Lair (5/5) D:8
  Swamp (0/4) Lair:2        Snake (1/4) Lair:3        Slime (0/5) Lair:5
    Orc (2/2) D:9             Elf (0/3) Orc:2         IceCv (1/1)

Altars:
Ashenzari
Cheibriados
Dithmenos
Elyvilon
Fedhas
Gozag
Hepliaklqana
Kikubaaqudgha
Makhleb
Nemelex Xobeh
Okawaru
Qazlal
Ru
Sif Muna
Trog
Uskayaw
Vehumet
Wu Jian
Xom
Yredelemnul
Zin
The Shining One
Jiyva
Lugonu

Shops:
D:7 (   D:11 !   D:12 [   Orc:1 ?   Orc:2 !:?[**

Portals:
Abyss: Lair:5

Annotations:
IceCv exclusion: orange crystal statue


Message History

Casting: Starburst (dangerous; 2% risk of failure)
Confirm with . or Enter, or press ? or * to list all spells.
Casting: Starburst (dangerous; 2% risk of failure)
Press: ? - help, Dir - look around, f - activate You feel a surge of power!
The bolt of fire hits the quicksilver ooze!!!
The quicksilver ooze is almost dead.
The bolt of fire misses the quicksilver ooze.
The quicksilver ooze hits you!
* * * LOW HITPOINT WARNING * * *
The quicksilver ooze engulfs you!
The quicksilver ooze hits you but does no damage.
Unknown command.
You slip free of the ooze engulfing you.
You gasp with relief as air once again reaches your lungs.
You feel less invigorated.
Casting: Starburst (dangerous; 2% risk of failure)
Confirm with . or Enter, or press ? or * to list all spells.
Casting: Starburst (dangerous; 2% risk of failure)
Press: ? - help, Dir - look around, f - activate
Okay, then.
Unknown command.
You feel much better. The quicksilver ooze hits you!
* * * LOW HITPOINT WARNING * * *
The quicksilver ooze hits you.
* * * LOW HITPOINT WARNING * * *
You feel your power leaking away. The quicksilver ooze hits you!
* * * LOW HITPOINT WARNING * * *
The quicksilver ooze engulfs you!
The quicksilver ooze hits you but does no damage.
You slip free of the ooze engulfing you.
You gasp with relief as air once again reaches your lungs.
The quicksilver ooze attacks as it pursues you!
The quicksilver ooze closely misses you.
The quicksilver ooze hits you.
* * * LOW HITPOINT WARNING * * *
You feel your power leaking away. The quicksilver ooze hits you!
You die...

#.## ...####
..Z...####
####.....###
###.....###
####....####
###.....##
##...J.##
##..J@.#
#.....#
#........#
###.....##
#######


You could see 2 quicksilver oozes.

Vanquished Creatures
  A quicksilver ooze (IceCv)
  The ghost of wormstring the Grappler, a journeyman TrWr of Wu Jian (Lair:5)
  A fire dragon (D:12)
  A hydra (Lair:5)
  3 boulder beetles
  3 death knights (D:11)
  3 two-headed ogres
  A death yak (Lair:4)
  A tengu warrior (D:12)
  8 orc high priests (Orc:2)
  2 thrashing horrors (Lair:5)
  2 skysharks
  2 skeletal warriors
  An orc knight (D:12)
  Pikel (D:6)
  A lindwurm (Lair:5)
  A deep elf pyromancer (D:12)
  3 orc sorcerers
  An oklob plant (Lair:4)
  2 manticores
  9 black mambas
  4 cyclopes
  13 elephants
  A naga mage (Snake:1)
  A smoke demon (Lair:5)
  12 cane toads
  Jeremiah (D:7)
  Maggie (Lair:2)
  9 komodo dragons
  4 large abominations (Lair:5)
  An unseen horror (D:12)
  4 kobold demonologists
  2 freezing wraiths (D:11)
  7 rime drakes
  A tormentor (D:11)
  A polar bear (Lair:4)
  3 trolls
  2 raiju (Lair:5)
  6 dream sheep (Lair:2)
  19 blink frogs
  3 slime creatures
  A shadow (D:11)
  53 yaks
  10 basilisks
  3 wyverns
  A spriggan (Lair:5)
  3 ynoxinuls (Lair:5)
  3 wraiths
  A chaos spawn (Lair:5)
  3 steam dragons
  2 vampire mosquitoes (D:12)
  A redback (shapeshifter) (Lair:5)
  3 wargs
  Edmund (D:4)
  An acid dragon (D:11)
  3 nagas (Lair:3)
  10 water moccasins
  10 orc warriors
  6 small abominations (Lair:5)
  An ice beast (D:5)
  A sky beast (D:7)
  A black bear (D:7)
  4 great orb of eyes simulacra (IceCv)
  5 ogres
  A wolf (Lair:4)
  3 lemures (D:6)
  A phantom (D:5)
  3 slime creature simulacra (IceCv)
  12 bullfrogs
  A kobold brigand (D:10)
  A glowing shapeshifter simulacrum (IceCv)
  2 scorpions (D:5)
  3 wights (D:8)
  5 killer bees (D:9)
  3 howler monkeys
  An electric eel (Lair:4)
  A gnoll bouda (D:7)
  2 hounds
  11 jellies
  31 orc priests
  Terence (D:2)
  3 iguanas (D:6)
  2 sleepcaps
  16 orc wizards
  4 gnolls (D:7)
  8 adders
  2 ufetubi
  2 worms
  4 dart slugs
  95 orcs
  18 endoplasms
  7 giant cockroaches
  5 goblins
  6 hobgoblins
  11 kobolds
  5 quokkas
  3 training dummies (D:7)
  9 ball pythons
  2 bats
  5 rats
559 creatures vanquished.

Vanquished Creatures (collateral kills)
  An eleionoma (Lair:2)
  2 hydras
  A catoblepas (Lair:2)
  An ugly thing (Lair:5)
  An elephant (Lair:5)
  A black mamba (Lair:5)
  Psyche (D:8)
  2 rime drakes
  A hornet (D:8)
  2 polar bears
  A dream sheep (Lair:2)
  3 basilisks
  2 yaks (Lair:2)
  An acid dragon (D:11)
  A water moccasin (Lair:2)
  2 ice beasts
  2 orc warriors
  A centaur (D:7)
  A kobold brigand (D:7)
  3 bullfrogs (Lair:2)
  2 orc priests (Orc:1)
  Crazy Yiuf (D:7)
  4 orcs (Orc:1)
  A kobold (D:7)
  A foxfire (Lair:2)
39 creatures vanquished.

Vanquished Creatures (others)
  A tormentor (D:11)
  A blink frog (Lair:5)
  558 foxfires
560 creatures vanquished.

Grand Total: 1158 creatures vanquished

Notes
Turn   | Place    | Note
-------+----------+-------------------------------------------
     0 | D:1      | Frod the Human Ice Elementalist began the quest for the
                  | Orb.
     0 | D:1      | Reached XP level 1. HP: 13/13 MP: 3/3
   372 | D:1      | Reached XP level 2. HP: 19/19 MP: 5/5
   773 | D:1      | Reached XP level 3. HP: 16/24 MP: 0/6
   950 | D:1      | Learned a level 3 spell: Frozen Ramparts
  1156 | D:1      | Learned a level 1 spell: Foxfire
  1264 | D:2      | Noticed Terence
  1452 | D:2      | Reached XP level 4. HP: 30/30 MP: 2/7
  1456 | D:2      | Learned a level 3 spell: Ozocubu's Armour
  1532 | D:2      | Reached skill level 1 in Fire Magic
  1865 | D:2      | Killed Terence
  1866 | D:2      | Reached skill level 5 in Ice Magic
  2106 | D:3      | Reached XP level 5. HP: 31/35 MP: 5/9
  3367 | D:4      | Noticed Edmund
  3443 | D:4      | Reached skill level 2 in Fire Magic
  4242 | D:4      | Killed Edmund
  4243 | D:4      | Reached XP level 6. HP: 29/41 MP: 1/11
  4337 | D:5      | Entered Level 5 of the Dungeon
  4338 | D:5      | Noticed an ice beast
  4538 | D:5      | Reached skill level 3 in Fire Magic
  4538 | D:5      | Reached XP level 7. HP: 40/46 MP: 7/12
  4542 | D:5      | Learned a level 3 spell: Hailstorm
  4623 | D:5      | Noticed a steam dragon
  4623 | D:5      | Noticed a steam dragon
  4651 | D:5      | Killed a steam dragon
  4652 | D:5      | Reached skill level 1 in Conjurations
  4838 | D:5      | Killed a steam dragon
  4839 | D:5      | Reached XP level 8. HP: 48/52 MP: 3/13
  4882 | D:5      | Reached skill level 4 in Fire Magic
  4887 | D:5      | Learned a level 4 spell: Summon Ice Beast
  5299 | D:5      | Reached skill level 1 in Summonings
  5336 | D:5      | Found a staircase to the Ecumenical Temple.
  5349 | Temple   | Entered the Ecumenical Temple
  5358 | Temple   | Became a worshipper of Sif Muna the Loreminder
  6665 | D:6      | Reached XP level 9. HP: 57/57 MP: 9/15
  6668 | D:6      | Reached skill level 5 in Fire Magic
  6935 | D:6      | Noticed Pikel
  6949 | D:6      | Killed Pikel
  7388 | D:7      | Reached skill level 5 in Spellcasting
  7388 | D:7      | Reached skill level 5 in Conjurations
  7487 | D:7      | Found Ajuvaydi's Firing Range.
  7514 | D:7      | Bought a +0 longbow for 84 gold pieces
  7604 | D:7      | Found a runed translucent door.
  7605 | D:7      | Noticed Crazy Yiuf
  7620 | D:7      | Killed Crazy Yiuf
  7884 | D:7      | Reached skill level 1 in Fighting
  7945 | D:7      | Noticed Jeremiah
  7965 | D:7      | Reached * piety under Sif Muna
  7966 | D:7      | Reached XP level 10. HP: 65/65 MP: 5/17
  7980 | D:7      | Killed Jeremiah
  7981 | D:7      | Reached skill level 5 in Summonings
  8552 | D:8      | Found a basalt altar of Yredelemnul.
  8638 | D:8      | Noticed Psyche
  8645 | D:8      | Killed Psyche
  9067 | D:8      | Reached skill level 10 in Ice Magic
  9159 | D:8      | Identified the +6 scale mail "Wauthyc" {+Blink rCorr Slay+3
                  | SInv}
  9169 | D:8      | Upgraded the game from 0.31-a0-590-g8a5a4361df to
                  | 0.31-a0-596-g831eee08f1
  9228 | D:8      | Found a staircase to the Lair.
  9580 | D:9      | Reached ** piety under Sif Muna
 10053 | D:9      | Reached XP level 11. HP: 65/77 MP: 14/20
 10116 | D:9      | Found a hide-covered altar of Uskayaw.
 10485 | D:9      | Reached skill level 6 in Fire Magic
 10554 | D:9      | Found a staircase to the Orcish Mines.
 11568 | Lair:1   | Entered Level 1 of the Lair of Beasts
 11801 | Lair:1   | Reached skill level 7 in Fire Magic
 11970 | Lair:1   | Reached *** piety under Sif Muna
 12105 | Lair:1   | Reached skill level 5 in Fighting
 12535 | Lair:1   | Reached skill level 8 in Fire Magic
 13032 | Lair:1   | Learned a level 6 spell: Starburst
 13033 | Lair:2   | Noticed a catoblepas
 13055 | Lair:2   | Killed a catoblepas
 13056 | Lair:2   | Reached XP level 12. HP: 20/86 MP: 8/23
 13705 | Lair:2   | Reached skill level 9 in Fire Magic
 13888 | Lair:2   | Found a staircase to the Swamp.
 13888 | Lair:2   | Noticed an eleionoma
 13920 | Lair:2   | Killed an eleionoma
 14089 | Lair:2   | Identified the +1 long sword of Dust {pain, rElec rF+ rC++
                  | MP-9}
 14119 | Lair:2   | Reached **** piety under Sif Muna
 14219 | Lair:2   | Noticed Maggie
 14231 | Lair:2   | Killed Maggie
 14603 | Lair:2   | Reached skill level 1 in Invocations
 14803 | Lair:2   | Reached XP level 13. HP: 95/95 MP: 13/25
 15167 | Lair:3   | Reached skill level 10 in Conjurations
 15281 | Lair:3   | Reached skill level 10 in Fire Magic
 15678 | Lair:3   | Found a staircase to the Snake Pit.
 15790 | Lair:3   | Noticed a four-headed hydra
 15816 | Lair:3   | Killed a four-headed hydra
 15880 | Lair:3   | You fall into a shaft and drop 2 floors!
 15880 | Lair:5   | Entered Level 5 of the Lair of Beasts
 16002 | Lair:5   | Found a bloodstained altar of Trog.
 16109 | Lair:5   | Found a runed translucent gate.
 16749 | Lair:5   | Noticed a five-headed hydra
 16755 | Lair:5   | Killed a five-headed hydra
 16756 | Lair:5   | Reached skill level 11 in Fire Magic
 16898 | Lair:5   | Learned a level 4 spell: Sticky Flame
 16913 | Lair:5   | Found a viscous altar of Jiyva.
 16913 | Lair:5   | Found a staircase to the Slime Pits.
 17120 | Lair:5   | Found a runed translucent gate.
 17121 | Lair:5   | Found a runed translucent gate.
 17123 | Lair:5   | Noticed wormstring's ghost (journeyman TrWr)
 17984 | Lair:5   | Reached skill level 5 in Invocations
 17988 | Lair:5   | Reached XP level 14. HP: 84/104 MP: 4/27
 18339 | Lair:5   | Found a one-way gate to the infinite horrors of the Abyss.
 18339 | Lair:5   | Found a corrupted altar of Lugonu.
 19052 | Lair:5   | Reached skill level 1 in Air Magic
 19603 | Lair:5   | Killed wormstring's ghost
 21985 | Orc:1    | Entered Level 1 of the Orcish Mines
 22024 | Orc:1    | Learned a level 5 spell: Arcjolt
 22274 | Orc:2    | Entered Level 2 of the Orcish Mines
 22552 | Orc:2    | Reached ***** piety under Sif Muna
 22557 | Orc:2    | Received a gift from Sif Muna
 22585 | Orc:2    | Reached skill level 5 in Stealth
 22631 | Orc:2    | Reached skill level 12 in Fire Magic
 22631 | Orc:2    | Reached XP level 15. HP: 91/112 MP: 9/28
 22773 | Orc:2    | Found Muatut's Book Shoppe.
 22773 | Orc:2    | Found Haipadde's Distillery.
 23465 | Orc:2    | Found Liymniuph's Assorted Antiques.
 23469 | Orc:2    | Reached skill level 5 in Air Magic
 23576 | Orc:2    | Found Usaozo's Antique Armour Shoppe.
 23576 | Orc:2    | Found Xaypp's Magic Scroll Shop.
 23628 | Orc:2    | Found Neon's Specific Store.
 23630 | Orc:2    | Found Qaklymn's General Store.
 23636 | Orc:2    | Bought a scroll of noise for 15 gold pieces
 23646 | Orc:2    | Bought a scroll of identify for 30 gold pieces
 23769 | Orc:2    | Found a staircase to the Elven Halls.
 23986 | Orc:2    | Reached skill level 5 in Dodging
 24187 | Orc:2    | Bought a scroll of brand weapon for 123 gold pieces
 24187 | Orc:2    | Bought a scroll of identify for 26 gold pieces
 24187 | Orc:2    | Bought a scroll of poison for 52 gold pieces
 24187 | Orc:2    | Bought a scroll of identify for 26 gold pieces
 24233 | Orc:2    | Bought a potion of might for 64 gold pieces
 24233 | Orc:2    | Bought a potion of heal wounds for 80 gold pieces
 24233 | Orc:2    | Bought a potion of curing for 48 gold pieces
 24233 | Orc:2    | Bought a potion of curing for 48 gold pieces
 24233 | Orc:2    | Bought a potion of resistance for 160 gold pieces
 24282 | Orc:2    | Bought a potion of mutation for 120 gold pieces
 24379 | Orc:1    | Received a gift from Sif Muna
 24394 | Orc:1    | Got Sif Muna's Elucidation of Non-Euclidean Power {god
                  | gift}
 24535 | Orc:1    | Found a burning altar of Makhleb.
 24573 | Orc:1    | Found Wulyggimm's Magic Scroll Shoppe.
 24612 | Orc:1    | Bought a scroll of teleportation for 36 gold pieces
 24612 | Orc:1    | Bought a scroll of identify for 24 gold pieces
 24612 | Orc:1    | Bought a scroll of enchant armour for 90 gold pieces
 24612 | Orc:1    | Bought a scroll of revelation for 90 gold pieces
 24612 | Orc:1    | Identified a scroll of acquirement
 24615 | Orc:1    | Acquired 637 gold pieces
 24720 | D:10     | Entered Level 10 of the Dungeon
 24720 | D:10     | Found a sacrificial altar of Ru.
 25199 | D:10     | Identified the +5 dire flail "Inearet" {flame, rF+ Dex+4}
 25829 | D:11     | Learned a level 5 spell: Fireball
 26807 | D:11     | Reached skill level 10 in Spellcasting
 27185 | D:11     | Found Axzidgh's Distillery.
 27465 | D:12     | Found Wyqemp's Antique Armour Shop.
 29660 | Orc:1    | Bought 3 scrolls of acquirement for 1872 gold pieces
 29662 | Orc:1    | Acquired 510 gold pieces
 29664 | Orc:1    | Acquired a staff of conjuration
 29668 | Orc:1    | Acquired the +0 pair of boots of the Sharing Gods {Will+
                  | Str+4 Int+2}
 29887 | Snake:1  | Entered Level 1 of the Snake Pit
 30063 | Snake:1  | Found a frozen archway.
 30094 | IceCv    | Entered an ice cave
 30211 | IceCv    | Noticed a quicksilver ooze
 30215 | IceCv    | Killed a quicksilver ooze
 30382 | IceCv    | Noticed a quicksilver ooze
 30385 | IceCv    | Noticed a quicksilver ooze
 30417 | IceCv    | HP: 5/114 [quicksilver ooze[an orange crystal statue] (2)]
 30417 | IceCv    | Slain by a quicksilver ooze

Illustrated notes

Levels and vault maps discovered:
D:1:      minmay_arrival_pointy, layout_basic, minmay_quantized
D:2:      layout_basic, uniq_terence
D:3:      layout_basic
D:4:      layout_loops_ring, grunt_ministairs_9, uniq_edmund
D:5:      kennysheep_steamy, layout_layer_cave, minmay_temple_entry_tees,
          grunt_ministairs_13, roderic_lattice_a
D:6:      layout_cave_pools, uniq_pikel
D:7:      layout_basic, nicolae_shop_firing_range, uniq_crazy_yiuf_cottage,
          uniq_jeremiah
D:8:      nicolae_hitomezashi [nicolae_hito_row, nicolae_hito_row,
          nicolae_hito_row, nicolae_hito_row, nicolae_hito_row,
          nicolae_hito_row, nicolae_hito_row, nicolae_hito_row,
          nicolae_hito_row, nicolae_hito_row, nicolae_hito_row,
          nicolae_hito_row, nicolae_hito_row, nicolae_hito_row,
          nicolae_hito_row, nicolae_hito_row, nicolae_hito_row,
          nicolae_hito_row], layout_rooms, mainiacjoe_overflow_chevrons,
          uniq_psyche
D:9:      layout_layer_cave, nicolae_uskayaw_dance_hall, hiddenorc2_lemuel
D:10:     layout_rooms, nicolae_ru_awakened_eye
D:11:     cheibrodos_tormentor_scu, layout_cave_pods, serial_shops,
          nicolae_shop_gibbet_a_chance
D:12:     wad_arrow_thing, layout_loops_ring, serial_shops, shop, minivault_22
Temple:   compressed_dpeg_triangle_lava_temple
Lair:1:   lemuel_slime, layout_long_grid
Lair:2:   wander_river, layout_cave_pods, alex1729_swamp_entry_worm_eleionoma,
          st_stairs_13, grunt_forest_small_clearing_treed, uniq_maggie
Lair:3:   layout_misc_corridors, minmay_snake_entry_guardpost_small,
          serial_bayou_pond_d
Lair:4:   nzn_winding_woodlands_cross
          [nzn_winding_woodlands_5x15_river_crossing,
          nzn_winding_woodlands_5x15_default,
          nzn_winding_woodlands_5x15_sawtooth,
          nzn_winding_woodlands_5x15_default,
          nzn_winding_woodlands_15x15_killbox], layout_gridlike
Lair:5:   hellmonk_lair_end_abyssal_woods, layout_long_grid,
          dpeg_slime_entry_corner, basic_altar, ebering_ghost_rock_garden,
          chequers_serial_rivers_small_b, infiniplex_staircase_pool_2
Snake:1:  layout_gridlike, serial_shops, shop, portal_ice_cave_entry_pillars_2,
          lemuel_fruit_tree, grunt_megastairs_4
Orc:1:    layout_diamond_mine, serial_shops, nicolae_shop_window_shopping,
          bloody_makhleb
Orc:2:    st_orc_town, layout_diamond_mine, serial_shops,
          nicolae_shop_statue_plus, nicolae_specific_store,
          nicolae_orc_rich_vein
IceCv:    ice_cave_hellmonk_azure_passage

Skill      XL: |  1  2  3  4  5  6  7  8  9 10 11 12 13 14 15 |
---------------+----------------------------------------------+-----
Fire Magic     | 1 2 3 4 5 8 9 11 12 | 12.5
Ice Magic      | 5 6 7 8 10 | 10.0
Spellcasting   | 3 4 5 6 7 8 9 10 | 10.2
Conjurations   | 2 3 5 8 9 11 | 11.0
Summonings     | 2 4 5 |  5.0
Fighting       | 1 4 5 6 7 8 9 |  9.6
Invocations    | 1 5 6 7 |  7.9
Dodging        | 4 6 |  6.0
Stealth        | 5 6 |  6.6
Air Magic      | 4 7 |  7.0

Action                     |  1- 3 |  4- 6 |  7- 9 | 10-12 | 13-15 || total
---------------------------+-------+-------+-------+-------+-------++-------
  Melee: Dagger            |     8 |       |       |       |       ||     8
         Short sword       |     5 |    40 |    20 |    11 |       ||    76
         Staff             |       |     8 |     2 |    16 |    66 ||    92
         Trident           |       |       |     8 |   164 |    75 ||   247
         Punch             |       |       |       |     2 |     1 ||     3
         Demon trident     |       |       |       |       |    10 ||    10
   Fire: Longbow           |       |       |    36 |       |       ||    36
  Throw: Stone             |       |     1 |       |       |       ||     1
         Javelin           |       |     1 |       |       |       ||     1
   Cast: Freeze            |    34 |     6 |     9 |    15 |     7 ||    71
         Frozen Ramparts   |     2 |    13 |    18 |    59 |    76 ||   168
         Ozocubu's Armour  |       |     5 |     8 |    35 |    52 ||   100
         Foxfire           |       |    27 |   103 |   147 |    35 ||   312
         Summon Ice Beast  |       |       |     5 |    32 |    31 ||    68
         Hailstorm         |       |       |     2 |     3 |    18 ||    23
         Starburst         |       |       |       |     2 |   167 ||   169
         Sticky Flame      |       |       |       |       |    40 ||    40
         Fireball          |       |       |       |       |    32 ||    32
         Arcjolt           |       |       |       |       |     8 ||     8
 Invoke: Channel Magic     |       |       |       |       |    18 ||    18
  Evoke: Wand              |       |       |       |     1 |    15 ||    16
    Use: Scroll            |     2 |     1 |     3 |     4 |    27 ||    37
         Potion            |       |     1 |       |     1 |     5 ||     7
   Stab: Sleeping          |     5 |     1 |       |       |       ||     6
 Armour: Robe              |     3 |    10 |     6 |       |   101 ||   120
         Steam dragon scal |       |       |    11 |   115 |    70 ||   196
         Leather armour    |       |       |       |       |     5 ||     5
  Dodge: Dodged            |    12 |    26 |    26 |   138 |   239 ||   441

Table legend: (Time is in decaauts)
 A = Elapsed time spent in this place.
 B = Non-inter-level travel time spent in this place.
 C = Inter-level travel time spent in this place.
 D = Time resting spent in this place.
 E = Time spent auto-exploring this place.
 F = Levels seen in this place.
 G = Mean time per level.
                   A        B        C        D        E       F      G
               +--------+--------+--------+--------+--------+-----+--------+
         Total |  30566 |  29291 |   1275 |   2237 |  21945 |  22 | 1389.4 |
       Dungeon |  16600 |  15946 |    654 |    488 |  13140 |  12 | 1383.3 |
        Temple |     18 |     18 |      0 |      0 |      0 |   1 |   18.0 |
          Lair |  10563 |  10253 |    310 |   1254 |   6944 |   5 | 2112.6 |
     Snake Pit |    206 |    206 |      0 |     93 |      0 |   1 |  206.0 |
  Orcish Mines |   2861 |   2551 |    310 |    266 |   1757 |   2 | 1430.5 |
      Ice Cave |    316 |    316 |      0 |    136 |    104 |   1 |  316.0 |
               +--------+--------+--------+--------+--------+-----+--------+

Top non-repeatable levels by time:
  Lair:5: 4019 daAuts
     D:9: 2247 daAuts
    D:11: 2133 daAuts
    D:12: 2086 daAuts
  Lair:2: 2071 daAuts
   Orc:2: 1999 daAuts
     D:5: 1792 daAuts
  Lair:1: 1756 daAuts
  Lair:4: 1634 daAuts
     D:1: 1271 daAuts
     D:3: 1261 daAuts
     D:7: 1257 daAuts
     D:6: 1111 daAuts
  Lair:3: 1081 daAuts
     D:8: 1048 daAuts
